 Dungeon Crawl Stone Soup version 0.32-a0-42-ga30500b4d3 (webtiles) character file.

Game seed: 16870812172116791873

14809 Newt the Fighter (level 12, -2/84 HPs)
             Began as a Gargoyle Fighter on Jan 30, 2024.
             Was an Initiate of Gozag.
             Incinerated by a deep elf pyromancer (6 damage)
             ... with a pyre arrow
             ... on level 12 of the Dungeon.
             The game lasted 00:17:43 (10634 turns).

Newt the Fighter (Gargoyle Fighter)                Turns: 10634, Time: 00:17:44

Health: -2/84      AC: 39    Str: 38    XL:     12   Next: 20%
Magic:  12/12      EV:  8    Int:  9    God:    Gozag
Gold:   1552       SH: 14    Dex:  4    Spells: 11/11 levels left

rFire   . . .        A - +2 flail (protect)
rCold   . . .        E - +1 kite shield
rNeg    + . .        w - +7 plate armour of Izoacu {Regen+ Str+7 Dex-5}
rPois   ∞            v - +2 helmet {SInv}
rElec   +            V - +1 cloak
rCorr   .            h - +0 pair of gloves
SInv    +            g - +0 pair of boots
Will    +....        O - amulet of reflection Stlth
                     Y - ring of willpower
HPRegen 1.14/turn    F - +6 ring of strength
MPRegen 0.13/turn

%: reflection
@: on fire, glowing
A: sickness immunity, AC +8, negative energy resistance 1, electricity
resistance, torment resistance 1, petrification resistance
a: Renounce Religion, Potion Petition, Call Merchant, Bribe Branch


You were on level 12 of the Dungeon.
You worshipped Gozag.
Gozag was most pleased with you.
You visited 2 branches of the dungeon, and saw 13 of its levels.
You also visited: Ossuary.

You collected 2328 gold pieces.
You spent 685 gold pieces at shops.
You paid 91 gold pieces to Gozag.

Inventory:

Hand Weapons
 a - a +0 flail
 l - a +0 flail of holy wrath
 t - a +4 long sword
 A - a +2 flail of protection (weapon)
 C - a +2 war axe
 S - a +2 whip of electrocution
Missiles
 n - 28 poisoned darts
 o - 2 javelins
 G - 8 boomerangs (quivered)
Armour
 b - a +0 scale mail
 c - a +0 buckler
 g - a +0 pair of boots (worn)
 h - a +0 pair of gloves (worn)
 v - a +2 helmet of see invisible (worn)
 w - the +7 plate armour of Izoacu (worn) {Regen+ Str+7 Dex-5}
   (You found it on level 3 of the Dungeon)

   Str+7:     It affects your strength (+7).
   Dex-5:     It affects your dexterity (-5).
   Regen+:    It increases your rate of health regeneration.
 x - a +0 cloak
 z - a +1 ring mail of willpower
 E - a +1 kite shield (worn)
 R - a +1 scale mail of fire resistance
 V - a +1 cloak (worn)
Jewellery
 m - a +5 ring of evasion
 B - a ring of wizardry
 F - a +6 ring of strength (right hand)
 O - an amulet of reflection (around neck)
 W - a ring of ice
 Y - a ring of willpower (left hand)
Wands
 D - a wand of flame (12)
 I - a wand of paralysis (9)
 Q - a wand of iceblast (25)
 Z - a wand of polymorph (4)
Scrolls
 p - 5 scrolls of fog
 q - 2 scrolls of brand weapon
 y - 3 scrolls of teleportation
 H - a scroll of poison
 J - 3 scrolls of revelation
 M - 2 scrolls of enchant weapon
 P - 2 scrolls of identify
 T - a scroll of immolation
 U - 2 scrolls of amnesia
Potions
 d - 2 potions of might
 e - 4 potions of attraction
 f - 2 potions of magic
 i - 5 potions of curing
 j - a potion of enlightenment
 k - 2 potions of degeneration
 r - 4 potions of haste
 s - a potion of brilliance
 u - a potion of cancellation
 K - 2 potions of lignification
 N - a potion of berserk rage {unknown}


   Skills:
 + Level 13.0 Fighting
 - Level 7.0 Maces & Flails
 - Level 10.5 Armour
 - Level 7.0 Shields
 - Level 8.8 Evocations


You had 11 spell levels left.
You didn't know any spells.
Your spell library contained the following spells:

 Spells                   Type           Power      Damage    Failure   Level
 Sandblast                Erth           0%         2d4       96%         1
 Dazzling Flash           Conj/Hex       0%         N/A       100%        3
 Mephitic Cloud           Conj/Alch/Air  0%         N/A       100%        3
 Passwall                 Erth           0%         N/A       100%        3
 Stone Arrow              Conj/Erth      0%         3d7       100%        3
 Tukima's Dance           Hex            0%         N/A       100%        3
 Brom's Barrelling Bould  Conj/Erth      0%         2d3       100%        4
 Dispel Undead            Necr           0%         3d6       100%        4
 Martyr's Knell           Necr/Summ      0%         N/A       100%        4
 Passage of Golubria      Tloc           0%         N/A       100%        4
 Curse of Agony           Necr           0%         N/A       100%        5
 Silence                  Hex/Air        0%         N/A       100%        5
 Yara's Violent Unravell  Hex/Alch       0%         3d3       100%        5
 Death Channel            Necr           0%         N/A       100%        6
 Cigotuvi's Dreadful Rot  Necr/Alch/Air  Unusable   N/A       N/A         2

Dungeon Overview and Level Annotations

Branches:
Dungeon (12/15)            Temple (1/1) D:5            Lair (0/5) D:8
    Orc (0/2) D:10        Ossuary (visited)

Altars:
Ashenzari
Cheibriados
Dithmenos
Elyvilon
Fedhas
Gozag
Hepliaklqana
Kikubaaqudgha
Makhleb
Nemelex Xobeh
Okawaru
Qazlal
Ru
Sif Muna
Trog
Uskayaw
Vehumet
Wu Jian
Xom
Yredelemnul
Zin
The Shining One

Shops:
D:4 [   D:9 *   D:10 =

Annotations:
D:12 Josephine


Innate Abilities, Weirdness & Mutations

You are immune to sickness and miasma.
Your stone body is resilient. (AC +8)
You are immune to poison.
You resist negative energy. (rN+)
You are resistant to electric shocks. (rElec)
You are resistant to unholy torment.
You are immune to petrification.


Message History

* * * LOW HITPOINT WARNING * * *
A kobold brigand comes into view.
It is wielding a +0 short sword and quivering poisoned darts.
The deep elf pyromancer hits you but does no damage.
You block the fire elemental's attack. The fire elemental hits you.
The fire elemental burns you!
* * * LOW HITPOINT WARNING * * *
Unknown command.
You feel better. The liquid fire burns you!
* * * LOW HITPOINT WARNING * * *
The fire elemental barely misses you. The fire elemental hits you.
You block the deep elf pyromancer's attack.
Unknown command.
Unknown command.
You feel better. The liquid fire burns you!
* * * LOW HITPOINT WARNING * * *
The fire elemental hits you. The fire elemental burns you!
* * * LOW HITPOINT WARNING * * *
The fire elemental hits you.
A kobold comes into view. It is wielding a +0 dagger of venom.
You block the deep elf pyromancer's attack.
The fire elemental hits you.
Unknown command.
You feel better. The liquid fire burns you!
* * * LOW HITPOINT WARNING * * *
Your surroundings suddenly seem different.
Josephine, 3 wraiths and a shadow come into view.
Josephine is wielding a +3 dagger of draining and wearing a +2 robe of fire resistance.
Found a scroll of enchant weapon and a scroll of identify.
Found an escape hatch in the floor.
Josephine shouts!
Unknown command.
Why would you want to do that?
You are on fire!
You shake off some of the fire as you move.
The liquid fire burns you!
You die...
Your body crumbles into a pile of gold.

.
######...
#@.......
#........
#...W....
#W^......
#W.......
#..@W.?..
>........
..?......
.........


You could see Josephine, 3 wraiths and a shadow.

Vanquished Creatures
  A centaur warrior (D:7)
  2 boulder beetles (D:7)
  2 two-headed ogres
  4 ugly things (D:7)
  Maggie (D:9)
  An unseen horror (D:10)
  2 trolls
  5 wyverns
  3 wraiths
  5 yaks
  2 basilisks (D:8)
  A steam dragon (D:9)
  Grum (D:9)
  2 acid dragons
  2 water moccasins (D:7)
  3 sky beasts
  5 orc warriors
  4 black bears
  2 ice beasts
  A swamp drake (D:8)
  4 wolves (D:9)
  4 centaurs
  Blork the orc (D:4)
  2 kobold brigands
  A gnoll sergeant (D:7)
  7 bullfrogs
  3 scorpions
  5 water moccasin zombies (Ossuary)
  29 wights
  A burial acolyte (Ossuary)
  7 killer bees
  A howler monkey (D:7)
  A crimson imp (D:7)
  5 jellies
  2 hounds (D:6)
  A bombardier beetle (D:7)
  6 gnoll boudas
  5 orc priests
  Crazy Yiuf (D:4)
  2 sleepcaps (D:7)
  4 iguanas
  8 orc wizards
  2 crocodile zombies (Ossuary)
  2 mummies (Ossuary)
  18 gnolls
  6 adders
  A shadow imp (D:7)
  2 white imps
  4 ufetubi (D:7)
  3 adder zombies (Ossuary)
  3 dart slugs
  2 ribbon worms
  32 orcs
  9 ball pythons
  7 endoplasms
  3 giant cockroaches
  8 gnoll zombies (Ossuary)
  6 goblins
  5 hobgoblins
  A jackal (D:3)
  17 kobolds
  2 quokkas
  3 bats
  6 frilled lizards
  2 jackal zombies (Ossuary)
  3 orc zombies (Ossuary)
  7 rats
303 creatures vanquished.

Vanquished Creatures (others)
  An orc (D:7)
1 creature vanquished.

Grand Total: 304 creatures vanquished

Notes
Turn   | Place    | Note
-------+----------+-------------------------------------------
     0 | D:1      | Newt the Gargoyle Fighter began the quest for the Orb.
     0 | D:1      | Reached XP level 1. HP: 14/14 MP: 1/1
   293 | D:1      | Reached XP level 2. HP: 16/19 MP: 2/2
   739 | D:1      | Reached XP level 3. HP: 23/24 MP: 3/3
  1691 | D:2      | Reached skill level 4 in Fighting
  1694 | D:2      | Reached XP level 4. HP: 29/29 MP: 4/4
  2371 | D:3      | Reached XP level 5. HP: 17/34 MP: 5/5
  3290 | D:3      | Identified the +7 plate armour of Izoacu {Regen+ Str+7
                  | Dex-5}
  3441 | D:4      | Reached skill level 5 in Maces & Flails
  3441 | D:4      | Reached XP level 6. HP: 37/40 MP: 6/6
  3451 | D:4      | Reached skill level 5 in Fighting
  3870 | D:4      | Found a runed translucent door.
  3871 | D:4      | Noticed Crazy Yiuf
  3932 | D:4      | Found a blossoming altar of Fedhas.
  3969 | D:4      | Found Luogoh's Armour Shop.
  3977 | D:4      | Bought a +0 helmet of see invisible for 149 gold pieces
  4156 | D:4      | Found a white marble altar of Elyvilon.
  4157 | D:4      | Found a glowing golden altar of the Shining One.
  4158 | D:4      | Found a bloodstained altar of Trog.
  4176 | D:4      | Noticed Blork the orc
  4192 | D:4      | Killed Blork the orc
  4321 | D:4      | Killed Crazy Yiuf
  4322 | D:4      | Reached XP level 7. HP: 44/44 MP: 7/7
  4367 | D:5      | Entered Level 5 of the Dungeon
  4462 | D:5      | Found a shimmering blue altar of Sif Muna.
  4526 | D:5      | Reached skill level 6 in Fighting
  4754 | D:5      | Found a staircase to the Ecumenical Temple.
  4933 | Temple   | Entered the Ecumenical Temple
  4947 | Temple   | Became a worshipper of Gozag Ym Sagoz the Greedy
  5263 | D:6      | You fall into a shaft and drop 2 floors!
  5324 | D:8      | Reached XP level 8. HP: 52/52 MP: 8/8
  5400 | D:8      | Reached skill level 5 in Armour
  5597 | D:8      | Reached skill level 7 in Fighting
  5742 | D:8      | Reached XP level 9. HP: 59/59 MP: 9/9
  5779 | D:8      | Reached skill level 8 in Fighting
  5817 | D:8      | Found a staircase to the Lair.
  6194 | D:8      | Found an ornate altar of the Wu Jian Council.
  6416 | D:7      | Noticed a boulder beetle
  6513 | D:7      | Reached skill level 9 in Fighting
  6529 | D:7      | Reached skill level 10 in Armour
  6588 | D:7      | Found a burning altar of Makhleb.
  6643 | D:7      | Found a sand-covered staircase.
  6653 | Ossuary  | Entered an ossuary
  6757 | Ossuary  | Reached XP level 10. HP: 62/66 MP: 10/10
  6810 | Ossuary  | Reached skill level 1 in Evocations
  7159 | D:7      | Found a sacrificial altar of Ru.
  7360 | D:7      | Reached skill level 10 in Fighting
  7386 | D:7      | Killed a boulder beetle
  7412 | D:7      | Reached skill level 5 in Evocations
  7472 | D:7      | Noticed a boulder beetle
  7474 | D:7      | Noticed a centaur warrior
  7480 | D:7      | Noticed a white ugly thing
  7483 | D:7      | Noticed a brown ugly thing
  7486 | D:7      | Killed a centaur warrior
  7515 | D:7      | Killed a boulder beetle
  7516 | D:7      | Reached XP level 11. HP: 73/73 MP: 11/11
  7524 | D:7      | Killed a cyan ugly thing
  7525 | D:7      | Reached skill level 11 in Fighting
  7530 | D:7      | Killed a brown ugly thing
  7665 | D:7      | Noticed a red ugly thing
  7665 | D:7      | Noticed a purple ugly thing
  7680 | D:7      | Killed a purple ugly thing
  7697 | D:7      | Killed a red ugly thing
  7994 | D:6      | Found a basalt altar of Yredelemnul.
  8503 | D:9      | Noticed Grum
  8523 | D:9      | Killed Grum
  8676 | D:9      | Noticed Maggie
  8684 | D:9      | Reached skill level 12 in Fighting
  8692 | D:9      | Killed Maggie
  9057 | D:9      | Found Zirorovu's Neck Hole.
  9061 | D:9      | Bought a +1 cloak for 161 gold pieces
  9237 | D:9      | Identified the +1 rapier of Exquisite Torment {pain, rF-
                  | Str+6 Dex+6}
  9419 | D:10     | Entered Level 10 of the Dungeon
  9437 | D:10     | Reached skill level 5 in Shields
  9464 | D:10     | Found Zataraf's Jewellery Emporium.
  9516 | D:10     | Identified the +1 trident "Unefus" {freeze, SInv}
  9521 | D:10     | Found a staircase to the Orcish Mines.
  9561 | D:10     | Found an ancient bone altar of Kikubaaqudgha.
  9584 | D:10     | Found a shimmering altar of Xom.
  9585 | D:10     | Noticed a two-headed ogre
  9603 | D:10     | Killed a two-headed ogre
  9604 | D:10     | Reached XP level 12. HP: 82/82 MP: 12/12
  9654 | D:10     | Found an iron altar of Okawaru.
  9726 | D:10     | Found a snail-covered altar of Cheibriados.
  9906 | D:10     | Bought a ring of willpower for 375 gold pieces
  9960 | D:10     | Found a hide-covered altar of Uskayaw.
 10238 | D:11     | Noticed a two-headed ogre
 10250 | D:11     | Killed a two-headed ogre
 10318 | D:11     | Reached skill level 13 in Fighting
 10629 | D:12     | HP: 2/84 [fire elemental[a deep elf pyromancer] (4)]
 10633 | D:12     | Noticed Josephine
 10634 | D:12     | Incinerated by a deep elf pyromancer

Illustrated notes

Levels and vault maps discovered:
D:1:      elethiomel_arrival_infinity_welcomes_careful_drivers, layout_basic
D:2:      layout_basic, minivault_19, grunt_decor_mini_mirrors, st_stairs_8
D:3:      layout_basic, minmay_joined_circles
D:4:      layout_basic, fedhas_ov_isle_minmay, grunt_temple_overflow_open,
          serial_shops, nicolae_shop_waterfront, uniq_crazy_yiuf_cottage,
          uniq_blork_the_orc
D:5:      layout_basic, mainiacjoe_overflow_alcove_2,
          minmay_temple_entry_gardened_gates
D:6:      layout_basic, mainiacjoe_overflow_surrounded_room
D:7:      nzn_winding_woodlands_large [nzn_winding_woodlands_5x5_three,
          nzn_winding_woodlands_5x15_zeroes, nzn_winding_woodlands_5x5_default,
          nzn_winding_woodlands_center_garden,
          nzn_winding_woodlands_15x15_boxy_spiral,
          nzn_winding_woodlands_center_pierced_h,
          nzn_winding_woodlands_hourglass,
          nzn_winding_woodlands_5x15_sidewinder,
          nzn_winding_woodlands_5x5_closed_star], layout_rooms,
          makhleb_grotto_becter, kennysheep_mini_moat, enter_ossuary_2,
          nicolae_nh_ransacked_shop
D:8:      layout_basic, lemuel_doored_altar, erik_lair_dragon
D:9:      layout_loops_corners, minmay_misc_feat_encased,
          nicolae_shop_sticking_my_neck_out, uniq_grum, uniq_maggie
D:10:     layout_rooms, kennysheep_little_box, marbit_many_paths, slow_altar_1,
          kennysheep_okawaru_gauntlet, mainiacjoe_overflow_catwalk, orc_0_dummy,
          serial_shops, nicolae_shop_tiny_glass
D:11:     layout_loops_ring, elves_outpost_lemuel
D:12:     layout_basic, tso_oasis_becter, uniq_josephine
Temple:   nicolae_temple_colour_theory

Skill      XL: |  1  2  3  4  5  6  7  8  9 10 11 12 |
---------------+-------------------------------------+-----
Maces & Flails | 3 4 5 6 7 |  7.0
Fighting       | 4 5 6 7 9 10 12 13 | 13.0
Armour         | 4 7 10 | 10.5
Evocations     | 6 8 |  8.8
Shields        | 6 7 |  7.0

Action                     |  1- 3 |  4- 6 |  7- 9 | 10-12 || total
---------------------------+-------+-------+-------+-------++-------
  Melee: Flail             |   139 |   179 |   364 |   629 ||  1311
         War axe           |       |       |     6 |       ||     6
  Throw: Boomerang         |       |       |       |     4 ||     4
  Evoke: Wand              |       |       |       |     3 ||     3
    Use: Scroll            |     4 |     7 |     8 |     9 ||    28
         Potion            |       |     1 |       |     6 ||     7
   Stab: Distracted        |       |       |     2 |       ||     2
         Paralysed         |       |       |       |    12 ||    12
 Armour: Scale mail        |   104 |    58 |       |       ||   162
         Plate armour      |       |    76 |   241 |   389 ||   706
  Dodge: Dodged            |    71 |   145 |   268 |   273 ||   757
  Block: Buckler           |    28 |    45 |    66 |    31 ||   170
         Kite shield       |       |       |       |   336 ||   336
         Reflection        |       |       |       |     6 ||     6

Table legend: (Time is in decaauts)
 A = Elapsed time spent in this place.
 B = Non-inter-level travel time spent in this place.
 C = Inter-level travel time spent in this place.
 D = Time resting spent in this place.
 E = Time spent auto-exploring this place.
 F = Levels seen in this place.
 G = Mean time per level.
                   A        B        C        D        E       F      G
               +--------+--------+--------+--------+--------+-----+--------+
         Total |  10800 |  10140 |    660 |    819 |   6782 |  14 |  771.4 |
       Dungeon |  10529 |   9896 |    633 |    819 |   6684 |  12 |  877.4 |
        Temple |     28 |      1 |     27 |      0 |      0 |   1 |   28.0 |
       Ossuary |    242 |    242 |      0 |      0 |     98 |   1 |  242.0 |
               +--------+--------+--------+--------+--------+-----+--------+

Top non-repeatable levels by time:
     D:1: 1569 daAuts
     D:3: 1329 daAuts
     D:7: 1198 daAuts
     D:8: 1190 daAuts
     D:9: 963 daAuts
     D:4: 949 daAuts
     D:5: 829 daAuts
     D:6: 668 daAuts
    D:10: 601 daAuts
     D:2: 595 daAuts
    D:11: 394 daAuts
 Ossuary: 242 daAuts
    D:12: 240 daAuts
  Temple: 28 daAuts
